 Dungeon Crawl Stone Soup version 0.30.1-9-gdf580d7c3d (webtiles) character file.

Game seed: 13388902102670888424

84 monsoonserge the Cutter (level 4, -3/29 HPs)
             Began as a Kobold Monk on Oct 6, 2023.
             Frozen to death by an endoplasm (5 damage)
             ... on level 2 of the Dungeon.
             The game lasted 00:04:02 (1681 turns).

monsoonserge the Cutter (Kobold Monk)               Turns: 1681, Time: 00:04:03

Health: -3/29      AC:  3    Str:  8    XL:     4   Next: 72%
Magic:  4/4        EV: 16    Int: 11    God:
Gold:   95         SH:  0    Dex: 19    Spells: 3/3 levels left

rFire   . . .        f - +1 dagger (drain)
rCold   . . .        d - orb {light}
rNeg    . . .        k - +0 leather armour
rPois   .            (no helmet)
rElec   .            (no cloak)
rCorr   .            (no gloves)
SInv    .            (no boots)
Will    .....        (no amulet)
Stlth   +            (no ring)
HPRegen 0.24/turn    (no ring)
MPRegen 0.09/turn

%: no passive effects
@: glowing
A: small, no large weapons, nightstalker 3
a: no special abilities


You were on level 2 of the Dungeon.
You visited 1 branch of the dungeon, and saw 2 of its levels.

You collected 95 gold pieces.

Inventory:

Hand Weapons
 f - a +1 dagger of draining (weapon)
 i - a +0 dagger of venom
 m - the +11 spear of Intuition {drain, *Corrode rN+ Will++ Stlth+}
   (You found it on level 2 of the Dungeon)

   rN:        It protects you from negative energy.
   *Corrode:  It may corrode you when you take damage.
   Will:      It greatly increases your willpower.
   Stlth:     It makes you more stealthy.
Missiles
 g - 6 poisoned darts (quivered)
Armour
 b - a +0 robe
 d - an orb of light (worn)
 k - a +0 leather armour (worn)
Magical Staves
 p - a staff of conjuration
Scrolls
 e - 3 scrolls of vulnerability {unknown}
 h - a scroll of amnesia {unknown}
 j - a scroll of fear {unknown}
 l - a scroll of magic mapping {unknown}
 o - a scroll of identify {unknown}
Potions
 a - a potion of berserk rage {unknown}
 c - 2 potions of ambrosia
 n - a potion of flight {unknown}
 q - a potion of mutation {unknown}


   Skills:
 + Level 3.8 Fighting
 + Level 5.3 Short Blades
 + Level 4.6 Dodging
 + Level 1.0 Stealth


You had 3 spell levels left.
You didn't know any spells.
Your spell library was empty.

Dungeon Overview and Level Annotations

Branches:
Dungeon (2/15)

Altars:


Innate Abilities, Weirdness & Mutations

You are small and have problems with some larger weapons.
You are completely attuned to the shadows.


Message History

The hobgoblin misses you. The adder completely misses you.
You aren't carrying any items that you can evoke.
Okay, then.
You hit the adder.
The adder is almost dead.
You feel sick. The hobgoblin barely misses you.
The kobold hits you but does no damage. The dart slug bites you.
The adder bites you but does no damage.
You hit the adder but do no damage. You drain the adder.
You kill the adder!
You feel sick. The hobgoblin closely misses you. The kobold barely misses you.
The dart slug launches a dart at you. The slug dart misses you.
Your Stealth skill increases to level 1!
Unknown command.
You hit the dart slug but do no damage. You drain the dart slug.
The dart slug is moderately wounded.
You feel sick. The kobold completely misses you.
The hobgoblin barely misses you.
You barely miss the hobgoblin.
The hobgoblin is severely wounded.
You feel sick.
The dart slug bites you but does no damage.
You hit the hobgoblin but do no damage.
The hobgoblin is severely wounded.
The endoplasm closely misses you. The kobold hits you with a +0 club.
The hobgoblin closely misses you.
You hit the kobold but do no damage.
You feel sick.
You are no longer poisoned.
The endoplasm closely misses you. The hobgoblin barely misses you.
The kobold hits you with a +0 club.
* * * LOW HITPOINT WARNING * * *
The dart slug launches a dart at you. The slug dart hits you.
* * * LOW HITPOINT WARNING * * *
You hit the dart slug. You drain the dart slug.
The dart slug is severely wounded.
The endoplasm freezes you.
You are frozen.
You die...

#...........
#####.#####.####
.8..∩..∩..∩....#
...............#
#..................##
..∩..8.....∩..8......
.....................
...wJ...†............
..8K@∩..∩..♣..∩......
...g†..........#.##..
.............. #.##..
..8..♣..♣..∩.. #.##..
............ #.##..
#...?.... #.##.. #...
.._. #.##.. #.####
#.#


You could see a dart slug (very drained), an endoplasm, a hobgoblin (very
drained) and a kobold.

Vanquished Creatures
  2 adders (D:2)
  2 dart slugs
  3 ball pythons
  5 bats
  9 endoplasms
  3 giant cockroaches
  6 goblins
  6 hobgoblins
  3 quokkas (D:1)
  3 frilled lizards
  6 kobolds
  7 rats
55 creatures vanquished.

Notes
Turn   | Place    | Note
-------+----------+-------------------------------------------
     0 | D:1      | monsoonserge the Kobold Monk began the quest for the Orb.
     0 | D:1      | Reached XP level 1. HP: 14/14 MP: 1/1
    83 | D:1      | Reached XP level 2. HP: 12/19 MP: 2/2
   356 | D:1      | Reached XP level 3. HP: 23/23 MP: 3/3
  1080 | D:2      | Reached skill level 5 in Short Blades
  1084 | D:2      | Reached XP level 4. HP: 18/29 MP: 4/4
  1115 | D:2      | Identified the +11 spear of Intuition {drain, *Corrode rN+
                  | Will++ Stlth+}
  1666 | D:2      | Found a faded altar of an unknown god.
  1677 | D:2      | Reached skill level 1 in Stealth
  1680 | D:2      | HP: 1/29 [dart slug/slug dart (4)]
  1681 | D:2      | Frozen to death by an endoplasm

Illustrated notes

Levels and vault maps discovered:
D:1:      tarquinn_simple_flora_water_a, layout_loops_ring
D:2:      layout_basic, hellmonk_ecumenical_altar_arch_garden,
          minmay_diced_spiral

Skill      XL: |  1  2  3  4 |
---------------+-------------+-----
Dodging        | 4 |  4.6
Short Blades   | 5 |  5.3
Stealth        | 1 |  1.0
Fighting       | |  3.8

Action                     |  1- 3 |  4- 6 || total
---------------------------+-------+-------++-------
  Melee: Short sword       |    35 |       ||    35
         Dagger            |    59 |    47 ||   106
   Stab: Sleeping          |     2 |     1 ||     3
 Armour: Robe              |     6 |       ||     6
         Leather armour    |       |     8 ||     8
  Dodge: Dodged            |    59 |    38 ||    97
